 Dungeon Crawl Stone Soup version 0.17-a0-896-g249456b (webtiles) character file.

581 inmateoo the Digger (level 7, -7/50 HPs)
             Began as a Mottled Draconian Earth Elementalist on May 1, 2015.
             Mangled by an orc
             ... wielding a +0 war axe
              (10 damage)
             ... on level 4 of the Dungeon.
             The game lasted 00:08:19 (4378 turns).

inmateoo the Digger (DrEE)                          Turns: 4378, Time: 00:08:20

Health: -7/50      AC:  6    Str: 10    XL:     7   Next: 14%
Magic:  8/13       EV: 13    Int: 17    God:
Gold:   211        SH:  0    Dex: 12    Spells: 4 memorised, 4 levels left

rFire  . . .     SeeInvis .     (no weapon)
rCold  . . .     Clarity  .     (armour unavailable)
rNeg   . . .     SustAb   .     (no shield)
rPois  .         Gourm    .     (helmet restricted)
rElec  .         Spirit   .     (no cloak)
rCorr  .         Warding  .     (no gloves)
rMut   .         Stasis   .     (no boots)
MR     .....                    (no amulet)
Stlth  ++........               (no ring)
                                (no ring)

@: not resistant to hostile enchantments, unstealthy
A: breathe sticky flame splash, unfitting armour, cold-blooded, AC +6
a: Breathe Sticky Flame


You were on level 4 of the Dungeon.
You were not hungry.

You visited 1 branch of the dungeon, and saw 4 of its levels.

You collected 211 gold pieces.

Inventory:

Missiles
 a - 40 stones (quivered)
Magical devices
 o - a wand of flame (41)
Scrolls
 e - a scroll of teleportation
 g - a scroll of identify
Potions
 d - a potion of haste
 i - a potion of resistance
 j - a potion of lignification
 l - a potion of mutation
Books
 b - a book of Geomancy

   Spells                             Type                      Level
   a - Sandblast                      Earth                        1
   b - Stoneskin                      Transmutation/Earth          2
   c - Passwall                       Transmutation/Earth          3
   d - Stone Arrow                    Conjuration/Earth            3
   e - Petrify                        Transmutation/Earth          4
   f - Lee's Rapid Deconstruction     Earth                        5
Comestibles
 c - 2 bread rations
 f - 3 chunks of flesh
 h - 2 meat rations


   Skills:
 + Level 3.9 Dodging
 - Level 1.7 Stealth
 + Level 4.1 Spellcasting
 - Level 1.0 Transmutations
 * Level 6.0 Earth Magic


You had 4 spell levels left.
You knew the following spells:

 Your Spells              Type           Power        Failure   Level  Hunger
a - Sandblast             Erth           ###...       1%          1    None
b - Stoneskin             Trmt/Erth      ###.....     6%          2    ##.....
c - Stone Arrow           Conj/Erth      ##....       14%         3    ###....
d - Petrify               Trmt/Erth      ###.....     38%         4    ####...


Dungeon Overview and Level Annotations

Branches:
Dungeon (4/15)
 Temple: D:4-7

Altars:
Okawaru
Sif Muna

Annotations:
D:3 WildSam's ghost, weakling DsMo


Innate Abilities, Weirdness & Mutations

You can spit globs of burning liquid.
You can ignite nearby creatures when you spit burning liquid.
Your weird mottled scales are hard (AC +6).
Your body does not fit into most forms of armour.
You are cold-blooded and may be slowed by cold attacks.


Message History

The blast of sand hits the orc.
The orc is almost dead.
The orc barely misses you.
Casting: Sandblast
Confirm with . or Enter, or press ? or * to list all spells.
Aiming: Sandblast
Press: ? - help, Shift-Dir - straight line, f/p - orc
Aim: an orc, wielding a war axe and wearing a plate armour (almost dead)
The blast of sand hits the orc.
The orc is almost dead.
The orc misses you.
Casting: Sandblast
Confirm with . or Enter, or press ? or * to list all spells.
Aiming: Sandblast
Press: ? - help, Shift-Dir - straight line, f/p - orc
Aim: an orc, wielding a war axe and wearing a plate armour (almost dead)
The blast of sand hits the orc.
The orc is almost dead.
The orc hits you with a war axe!
You die...

# .. #. #. #. ## ###.## #.
....# #.####)o# .
#......@######## .
#.####..........
#.####.####..########.
#............# .#
#.###.).#.#.# .# #
##.#.#.#.#.#.# .# #
#........)>..#### .#
######.#.#.#.#.#(...#####.#
..).).....................#


You could see an orc.

Vanquished Creatures
  Menkaure (D:4)
  Edmund (D:4)
  An ogre (D:4)
  Jessica (D:3)
  An orc wizard (D:4)
  Natasha (D:3)
  An iguana (D:4)
  2 worker ants (D:4)
  4 adders (D:2)
  3 oozes
  A worm (D:2)
  2 giant geckos
  9 orcs (D:4)
  10 bats
  2 giant cockroaches
  3 goblins
  9 hobgoblins
  2 quokkas
  2 ball pythons (D:1)
  A giant newt (D:1)
  15 jackals
  10 kobolds
  4 rats
86 creatures vanquished.

Notes
Turn   | Place    | Note
--------------------------------------------------------------
     0 | D:1      | inmateoo, the Draconian Earth Elementalist, began the quest for the Orb.
     0 | D:1      | Reached XP level 1. HP: 14/14 MP: 3/3
   298 | D:1      | Reached XP level 2. HP: 17/20 MP: 0/5
   703 | D:1      | Reached XP level 3. HP: 20/26 MP: 6/6
  1884 | D:2      | Found an iron altar of Okawaru.
  1886 | D:2      | Reached XP level 4. HP: 33/33 MP: 3/8
  2223 | D:2      | Found a deep blue altar of Sif Muna.
  2625 | D:2      | Reached skill level 4 in Earth Magic
  2887 | D:3      | Noticed Jessica
  2901 | D:3      | Killed Jessica
  2937 | D:3      | Noticed Natasha
  2943 | D:3      | Killed Natasha
  2943 | D:3      | Reached XP level 5. HP: 24/38 MP: 5/9
  3092 | D:3      | Noticed WildSam's ghost (weakling DsMo)
  3445 | D:4      | Noticed Menkaure
  3448 | D:4      | Noticed an ogre
  3454 | D:4      | Noticed Edmund
  3767 | D:4      | Killed Edmund
  3767 | D:4      | Reached skill level 5 in Earth Magic
  3767 | D:4      | Reached XP level 6. HP: 31/45 MP: 3/11
  3987 | D:4      | Killed an ogre
  4003 | D:4      | Learned a level 2 spell: Stoneskin
  4007 | D:4      | Learned a level 3 spell: Stone Arrow
  4164 | D:4      | Killed Menkaure
  4164 | D:4      | Reached skill level 6 in Earth Magic
  4164 | D:4      | Your scales start taking on a weird mottled colour.
  4164 | D:4      | Reached XP level 7. HP: 35/50 MP: 6/13
  4172 | D:4      | Learned a level 4 spell: Petrify
  4378 | D:4      | Mangled by an orc

Action                   |  1- 3 |  4- 6 |  7- 9 || total
-------------------------+-------+-------+-------++-------
Melee: Unarmed           |   130 |   102 |    36 ||   268
 Cast: Sandblast         |    47 |    89 |     6 ||   142
  Use: Scroll            |       |     9 |       ||     9
       Potion            |       |     2 |       ||     2
  Eat: Chunk             |     4 |     5 |     1 ||    10
       Pizza             |       |     1 |       ||     1
